 Dungeon Crawl Stone Soup version 0.29-a0-334-gb41bcbb86e (webtiles) character file.

Game seed: 5565650897402547948

65 Jortsu the Chopper (level 4, -2/40 HPs)
             Began as a Hill Orc Fighter on Apr 14, 2022.
             Slain by a gnoll
             ... wielding a +0 flail
              (3 damage)
             ... on level 2 of the Dungeon.
             The game lasted 00:01:22 (1021 turns).

Jortsu the Chopper (Hill Orc Fighter)               Turns: 1021, Time: 00:01:23

Health: -2/40      AC:  8    Str: 20    XL:     4   Next: 13%
Magic:  4/4        EV:  9    Int:  8    God:
Gold:   40         SH:  4    Dex: 10    Spells: 3/3 levels left

rFire   . . .      SeeInvis .   a - +0 war axe
rCold   . . .      Faith    .   c - +0 buckler
rNeg    . . .      Spirit   .   b - +0 scale mail
rPois   .          Reflect  .   (no helmet)
rElec   .          Harm     .   g - +0 cloak
rCorr   .          Rampage  .   (no gloves)
Will    .....                   (no boots)
Stlth   ..........              (no amulet)
HPRegen 0.13/turn               (no ring)
MPRegen 0.09/turn               (no ring)

@: no status effects
A: no striking features
a: no special abilities


You were on level 2 of the Dungeon.
You visited 1 branch of the dungeon, and saw 2 of its levels.

You collected 40 gold pieces.

Inventory:

Hand Weapons
 a - a +0 war axe (weapon)
Armour
 b - a +0 scale mail (worn)
 c - a +0 buckler (worn)
 g - a +0 cloak (worn)
Scrolls
 e - a scroll of immolation
 f - 2 scrolls of teleportation
 k - a scroll of blinking {unknown}
Potions
 d - a potion of might
 h - a potion of heal wounds {unknown}
 i - a potion of curing {unknown}
 j - a potion of attraction {unknown}


   Skills:
 + Level 4.1 Fighting
 + Level 4.3 Axes
 + Level 3.7 Armour
 + Level 0.1 Dodging
 + Level 3.6 Shields


You had 3 spell levels left.
You didn't know any spells.
Your spell library contained the following spells:

 Spells                   Type           Power      Damage    Failure   Level
 Magic Dart               Conj           0%         1d3       85%         1
 Searing Ray              Conj           0%         2d4       94%         2
 Fulminant Prism          Conj/Hex       0%         3d6       100%        4


Dungeon Overview and Level Annotations

Branches:
Dungeon (2/15)

Altars:


Message History

You hit the gnoll.
You kill the gnoll!
You slash the gnoll!
You kill the gnoll!
Your Axes skill increases to level 4!
You see here a +0 flail.
A gnoll comes into view. It is wielding a +0 flail.
The gnoll shouts!
You hear a shout!
You see here a +0 club.
A gnoll is nearby! 2 gnolls come into view.
The gnoll shouts! x2
The gnoll hits you with a +0 flail.
You barely miss the gnoll. The gnoll hits you with a +0 flail!
* * * LOW HITPOINT WARNING * * *
You hit the gnoll.
The gnoll is heavily wounded.
The gnoll hits you with a +0 flail!
* * * LOW HITPOINT WARNING * * *
The gnoll barely misses you.
You hit the gnoll.
The gnoll is heavily wounded.
The gnoll misses you.
You slash the gnoll!
You kill the gnoll!
A goblin comes into view. It is wielding a +0 club.
You have reached level 4!
You closely miss the gnoll. You barely miss the gnoll.
The goblin shouts!
You hear a shout!
The gnoll closely misses you. The gnoll hits you with a +0 club.
* * * LOW HITPOINT WARNING * * *
You slash the gnoll!
The gnoll is almost dead.
You barely miss the gnoll. The gnoll closely misses you.
The gnoll barely misses you. The gnoll closely misses you.
The gnoll barely misses you.
You hit the gnoll.
You kill the gnoll!
You barely miss the gnoll. The gnoll hits you with a +0 flail.
You die...

.. #.. #.#
#####.##
..##..## .
#.##... ##..
#.##.# .....
#..).#.g....
#.#)@).#
#.##.g##
#.##.##
#.##.#
#.##..
#.##..
#.##### #.#
#.#


You could see a gnoll and a goblin.

Vanquished Creatures
  4 gnolls (D:2)
  6 ball pythons
  2 bats (D:1)
  6 endoplasms (D:1)
  A giant cockroach (D:1)
  A goblin (D:2)
  2 hobgoblins
  3 quokkas
  2 frilled lizards (D:1)
  5 kobolds
  3 rats (D:1)
35 creatures vanquished.

Notes
Turn   | Place    | Note
-------+----------+-------------------------------------------
     0 | D:1      | Jortsu the Hill Orc Fighter began the quest for the Orb.
     0 | D:1      | Reached XP level 1. HP: 19/19 MP: 1/1
   249 | D:1      | Reached XP level 2. HP: 24/27 MP: 2/2
   624 | D:1      | Reached XP level 3. HP: 24/33 MP: 3/3
  1019 | D:2      | Reached XP level 4. HP: 3/40 MP: 4/4
  1019 | D:2      | HP: 1/40 [gnoll/+0 club (3)]
  1021 | D:2      | Slain by a gnoll

Illustrated notes

Levels and vault maps discovered:
D:1:      zaba_arrival_water, layout_basic, serial_glass, glass_columns_b,
          glass_columns_c, glass_columns_b, glass_columns_a, due_unseen_surprise
D:2:      layout_basic, palyth_stone_intersect

Skill      XL: |  1  2  3 |
---------------+----------+-----
Axes           | 3 4 |  4.3
Fighting       | 4 |  4.1
Armour         | |  3.7
Dodging        | |  0.1
Shields        | |  3.6

Action                   |  1- 3 |  4- 6 || total
-------------------------+-------+-------++-------
Melee: War axe           |    86 |     3 ||    89
  Use: Scroll            |     2 |       ||     2
Armor: Scale mail        |    40 |       ||    40
Dodge: Dodged            |    41 |     5 ||    46
Block: Buckler           |    17 |       ||    17

Table legend: (Time is in decaauts)
 A = Elapsed time spent in this place.
 B = Non-inter-level travel time spent in this place.
 C = Inter-level travel time spent in this place.
 D = Time resting spent in this place.
 E = Time spent auto-exploring this place.
 F = Levels seen in this place.
 G = Mean time per level.
                   A        B        C        D        E       F      G
               +--------+--------+--------+--------+--------+-----+--------+
         Total |   1062 |   1055 |      7 |    279 |    538 |   2 |  531.0 |
       Dungeon |   1062 |   1055 |      7 |    279 |    538 |   2 |  531.0 |
               +--------+--------+--------+--------+--------+-----+--------+

Top non-repeatable levels by time:
     D:1: 992 daAuts
     D:2: 69 daAuts
